 Dungeon Crawl Stone Soup version 0.31-a0-819-gf6de2f5ab6 (webtiles) character file.

Game seed: 1313049637340519747

199 DApurpleWHUMPUS the Gusty (level 5, -5/28 HPs)
             Began as a Deep Elf Air Elementalist on Sept 24, 2023.
             Was an Initiate of Sif Muna.
             Slain by Pikel
             ... wielding a +2 whip of freezing
              (9 damage)
             ... on level 4 of the Dungeon.
             The game lasted 00:16:31 (3875 turns).

DApurpleWHUMPUS the Gusty (DEAE)                    Turns: 3875, Time: 00:16:33

Health: -5/28      AC:  3    Str:  5    XL:     5   Next: 48%
Magic:  12/14      EV: 12    Int: 22    God:    Sif Muna [......]
Gold:   212        SH:  0    Dex: 15    Spells: 8/13 levels left

rFire   x . .        p - staff of death
rCold   + + .        (no shield)
rNeg    + . .        a - +0 robe
rPois   .            (no helmet)
rElec   .            (no cloak)
rCorr   .            l - +0 pair of gloves
SInv    .            (no boots)
Will    .....        q - amulet of magic regeneration
Stlth   ++           c - ring of protection from cold
HPRegen 0.24/turn    h - ring of ice
MPRegen 0.54/turn

%: no passive effects
@: no status effects
A: no striking features
a: Renounce Religion


You were on level 4 of the Dungeon.
You worshipped Sif Muna.
Sif Muna was noncommittal.
You visited 1 branch of the dungeon, and saw 4 of its levels.

You collected 212 gold pieces.

Inventory:

Hand Weapons
 d - a +0 whip
 o - a +2 dagger of draining
 t - a +0 sling
Missiles
 u - 19 stones
Armour
 a - a +0 robe (worn)
 l - a +0 pair of gloves (worn)
Magical Staves
 p - a staff of death (weapon)
Jewellery
 c - a ring of protection from cold (left hand)
 h - a ring of ice (right hand)
 q - an amulet of magic regeneration (around neck)
Wands
 e - a wand of polymorph (1)
 n - a wand of paralysis (7)
Scrolls
 j - 2 scrolls of acquirement {unknown}
Potions
 b - a potion of magic
 f - 2 potions of curing {unknown}
 g - a potion of invisibility {unknown}
 k - 2 potions of enlightenment {unknown}
 m - a potion of ambrosia {unknown}
 s - 2 potions of mutation {unknown}
 v - 2 potions of brilliance {unknown}


   Skills:
 - Level 2.4 Dodging
 - Level 2.4 Stealth
 + Level 4.6 Spellcasting
 + Level 1.8 Conjurations
 * Level 1.7 Summonings
 * Level 4.9 Air Magic
 + Level 1.0 Evocations


You had 8 spell levels left.
You knew the following spells:

 Your Spells              Type           Power      Damage    Failure   Level
a - Shock                 Conj/Air       76%        1d7       2%          1
b - Swiftness             Air            26%        N/A       4%          3
c - Summon Small Mammal   Summ           48%        N/A       5%          1

Your spell library contained the following spells:

 Spells                   Type           Power      Damage    Failure   Level
 Static Discharge         Conj/Air       38%        2-4/arc   4%          2
 Apportation              Tloc           10%        N/A       11%         1
 Necrotise                Necr           28%        1d5       11%         1
 Slow                     Hex            20%        N/A       11%         1
 Airstrike                Air            13%        2d(2-18)  14%         4
 Jinxbite                 Hex            10%        N/A       16%         2
 Summon Lightning Spire   Summ/Air       19%        N/A       26%         4
 Confusing Touch          Hex            5%         N/A       30%         3
 Sigil of Binding         Hex            5%         N/A       30%         3
 Vampiric Draining        Necr           7%         2d6       30%         3
 Animate Dead             Necr           7%         N/A       71%         4
 Alistair's Intoxication  Tmut/Pois      3%         N/A       96%         5
 Haunt                    Necr/Summ      6%         N/A       100%        7
 Infestation              Necr           3%         N/A       100%        8


Dungeon Overview and Level Annotations

Branches:
Dungeon (4/15)
 Temple: D:4-7

Altars:
Sif Muna

Annotations:
D:4 Pikel


Message History

Confirm with . or Enter, or press ? or * to list all spells.
Aiming: Shock (safe; 2% risk of failure)
Press: ? - help, Shift-Dir - straight line, f/p - Pikel
Aim: Pikel, wielding a +2 whip of freezing and wearing a +0 robe (heavily wounded, 64% to hit)
The zap hits Pikel.
Pikel is severely wounded.
The zap hits the lemure.
The lemure is severely wounded.
The zap misses the iguana.
The zap hits the lemure.
The lemure is moderately wounded.
Pikel hits you with a +2 whip of freezing!
Casting: Shock (safe; 2% risk of failure)
Confirm with . or Enter, or press ? or * to list all spells.
Okay, then.
You feel much better.
Pikel hits you with a +2 whip of freezing!
Pikel freezes you.
Okay, then.
Casting: Shock (safe; 2% risk of failure)
Confirm with . or Enter, or press ? or * to list all spells.
Aiming: Shock (safe; 2% risk of failure)
Press: ? - help, Shift-Dir - straight line, f/p - Pikel
Aim: Pikel, wielding a +2 whip of freezing and wearing a +0 robe (severely wounded, 64% to hit)
The zap hits Pikel.
Pikel is severely wounded.
The zap hits the lemure.
The lemure is almost dead.
The zap hits the iguana.
The iguana is heavily wounded.
The zap hits the lemure.
The lemure is heavily wounded.
Pikel hits you with a +2 whip of freezing!
* * * LOW HITPOINT WARNING * * *
Aiming: Paralyse
Press: ? - help, Shift-Dir - straight line, f/p - Pikel
Aim: Pikel, wielding a +2 whip of freezing and wearing a +0 robe (severely wounded, chance to affect: 50%) Pikel resists with significant effort.
Pikel hits you with a +2 whip of freezing!
You die...
Pikel says, "See you in Hell!"

..5.# #.##. #.# #.##.###.
.....# #.##.###.# #.##.###.
.....§##.#.#.##.# #.#.#.#..
.......#.##...#.####..###>..
......l5...5...........#....
....§§§####l5.######.##.#...
......# #55## #.#####..
.....# #K## #.))..... #...#
#@# ########. ##'# #.# #. #.
#.# #. # #.# #. #.# #. ..#
#. ### #. ##


You could see Pikel, 4 lemures and an iguana.

Vanquished Creatures
  A phantom (D:4)
  4 adders (D:2)
  3 worms
  4 orcs (D:4)
  3 endoplasms
  6 giant cockroaches
  12 hobgoblins
  6 jackals (D:1)
  2 quokkas (D:1)
  5 ball pythons
  5 bats
  2 frilled lizards
  3 goblins
  8 kobolds
  7 rats
71 creatures vanquished.

Notes
Turn   | Place    | Note
-------+----------+-------------------------------------------
     0 | D:1      | DApurpleWHUMPUS the Deep Elf Air Elementalist began the
                  | quest for the Orb.
     0 | D:1      | Reached XP level 1. HP: 10/10 MP: 6/6
   190 | D:1      | Reached XP level 2. HP: 15/15 MP: 1/8
   923 | D:1      | Reached XP level 3. HP: 19/19 MP: 7/10
  1275 | D:1      | Learned a level 3 spell: Swiftness
  2011 | D:2      | Reached XP level 4. HP: 24/24 MP: 2/12
  2463 | D:2      | Learned a level 1 spell: Summon Small Mammal
  2765 | D:3      | Found a shimmering blue altar of Sif Muna.
  3069 | D:3      | Became a worshipper of Sif Muna the Loreminder
  3249 | D:3      | Identified the +0 ring mail of the Centaur {rElec rF+ Str+2
                  | Slay-6}
  3536 | D:4      | Noticed a phantom
  3564 | D:4      | Killed a phantom
  3565 | D:4      | Reached skill level 1 in Summonings
  3565 | D:4      | Reached skill level 1 in Evocations
  3565 | D:4      | Reached XP level 5. HP: 10/28 MP: 9/13
  3849 | D:4      | Noticed Pikel
  3851 | D:4      | Noticed a lemure
  3853 | D:4      | Noticed a lemure
  3854 | D:4      | Noticed a lemure
  3855 | D:4      | Noticed a lemure
  3875 | D:4      | Slain by Pikel

Illustrated notes

Levels and vault maps discovered:
D:1:      lightli_arrival_quake, layout_basic
D:2:      layout_basic, chequers_mini_garden
D:3:      layout_loops_ring, nicolae_sif_muna_condensation, minmay_puff
D:4:      layout_loops_corners, minmay_temple_entry_statues_fountains,
          uniq_pikel

Skill      XL: |  1  2  3  4 |
---------------+-------------+-----
Air Magic      | 4 |  4.9
Spellcasting   | 4 |  4.6
Summonings     | 1 |  1.7
Evocations     | 1 |  1.0
Dodging        | |  2.4
Stealth        | |  2.4
Conjurations   | |  1.8

Action                     |  1- 3 |  4- 6 || total
---------------------------+-------+-------++-------
  Melee: Unarmed           |    11 |       ||    11
         Whip              |     9 |       ||     9
         Staff             |       |     2 ||     2
   Cast: Shock             |   106 |    81 ||   187
         Summon Small Mamm |       |     3 ||     3
  Evoke: Wand              |       |     1 ||     1
    Use: Scroll            |       |     7 ||     7
         Potion            |       |     3 ||     3
 Armour: Robe              |    30 |    15 ||    45
         Ring mail         |       |    11 ||    11
  Dodge: Dodged            |    22 |    19 ||    41

Table legend: (Time is in decaauts)
 A = Elapsed time spent in this place.
 B = Non-inter-level travel time spent in this place.
 C = Inter-level travel time spent in this place.
 D = Time resting spent in this place.
 E = Time spent auto-exploring this place.
 F = Levels seen in this place.
 G = Mean time per level.
                   A        B        C        D        E       F      G
               +--------+--------+--------+--------+--------+-----+--------+
         Total |   3876 |   3743 |    133 |    606 |   2407 |   4 |  969.0 |
       Dungeon |   3876 |   3743 |    133 |    606 |   2407 |   4 |  969.0 |
               +--------+--------+--------+--------+--------+-----+--------+

Top non-repeatable levels by time:
     D:1: 1305 daAuts
     D:2: 1088 daAuts
     D:3: 970 daAuts
     D:4: 512 daAuts
